 Dungeon Crawl Stone Soup version 0.29.0-4-gdea44cf6ec (webtiles) character file.

Game seed: 14630779651509055251

2 qw the Sneak (level 1, -1/14 HPs)
             Began as a Gargoyle Delver on Sept 10, 2022.
             Slain by a phantom (6 damage)
             ... on level 4 of the Dungeon.
             The game lasted 00:00:04 (113 turns).

qw the Sneak (Gargoyle Delver)                       Turns: 113, Time: 00:00:04

Health: -1/14      AC:  5    Str: 15    XL:     1   Next: 40%
Magic:  1/1        EV: 11    Int: 10    God:
Gold:   9          SH:  0    Dex: 11    Spells: 0/0 levels left

rFire   . . .      SeeInvis .   a - +0 hand axe
rCold   . . .      Faith    .   (no shield)
rNeg    + . .      Spirit   .   b - +0 leather armour
rPois   inf        Reflect  .   (no helmet)
rElec   +          Harm     .   (no cloak)
rCorr   .          Rampage  .   (no gloves)
Will    .....                   (no boots)
Stlth   +++.......              (no amulet)
HPRegen 0.04/turn               (no ring)
MPRegen 0.07/turn               (no ring)

@: no status effects
A: sickness immunity, AC +2, negative energy resistance 1, electricity
resistance, torment resistance 1, petrification resistance
a: no special abilities


You were on level 4 of the Dungeon.
You visited 1 branch of the dungeon, and saw 2 of its levels.

You collected 9 gold pieces.


Innate Abilities, Weirdness & Mutations

You are immune to sickness and miasma.
Your stone body is resilient. (AC +2)
You are immune to poison.
You resist negative energy. (rN+)
You are resistant to electric shocks. (rElec)
You are resistant to unholy torment.
You are immune to petrification.


   Skills:
 - Level 3.2 Fighting
 + Level 2.0 Axes
 - Level 1.5 Dodging
 - Level 5.4 Stealth


You couldn't memorise any spells.
You didn't know any spells.
Your spell library was empty.

Inventory:

Hand Weapons
 a - a +0 hand axe (weapon)
Armour
 b - a +0 leather armour (worn)
Wands
 g - a wand of digging (3)
Potions
 f - a potion of haste

Dungeon Overview and Level Annotations

Branches:
Dungeon (5/15)
 Temple: D:4-7

Altars:


Message History

A hobgoblin comes into view.
Found 9 gold pieces.
The hobgoblin shouts!
You hit the hobgoblin but do no damage. The hobgoblin closely misses you.
The hobgoblin hits you but does no damage.
You barely miss the hobgoblin. The hobgoblin barely misses you.
You closely miss the hobgoblin. The hobgoblin barely misses you.
You hit the hobgoblin.
The hobgoblin is moderately wounded.
The hobgoblin closely misses you.
You hit the hobgoblin.
You kill the hobgoblin!
Your Axes skill increases to level 2!
You now have 9 gold pieces.
A phantom comes into view.
Enter note:
105 ||| Stepping ~*~*~tactically~*~*~ (stealth).
You barely miss the phantom. The phantom barely misses you. x2
You closely miss the phantom. The phantom closely misses you.
You hit the phantom.
The phantom is lightly damaged.
The phantom hits you.
You hit the phantom.
The phantom is moderately damaged.
The phantom hits you but does no damage.
You hit the phantom.
The phantom is moderately damaged.
The phantom hits you.
The phantom blinks!
You blink.
You hit the phantom.
The phantom is moderately damaged.
The phantom hits you but does no damage. x2
You barely miss the phantom.
The phantom is moderately damaged.
The phantom hits you.
You die...

#.. ####..# #..
..#....
#..##.......
#.¤#.......#
#¤.......#
#.........
###.........
##.....####..
#...@..# ###...W..#
###........###
####..##......P...
#.....###..........
#...).##...........
#......##..........
##......##.........
###...>........##.


You could see a phantom.

Vanquished Creatures
  An endoplasm (D:4)
  A hobgoblin (D:4)
2 creatures vanquished.

Notes
Turn   | Place    | Note
-------+----------+-------------------------------------------
     0 | D:5      | qw the Gargoyle Delver began the quest for the Orb.
     0 | D:5      | Reached XP level 1. HP: 14/14 MP: 1/1
     0 | D:5      | 0 ||| qw: Version: 0.1-a-116-g5d60599
     0 | D:5      | 0 ||| qw: Game counter: 8938
     0 | D:5      | 0 ||| qw: Always use a shield: true
     0 | D:5      | 0 ||| qw: God list: Okawaru
     0 | D:5      | 0 ||| qw: Allow faded altars: false
     0 | D:5      | 0 ||| qw: Do Orc after D:15 true
     0 | D:5      | 0 ||| qw: Do second Lair branch before Depths: true
     0 | D:5      | 0 ||| qw: Lair rune preference: random
     0 | D:5      | 0 ||| qw: Plans: Normal
     0 | D:5      | 0 ||| PLANNING D:1-11
    53 | D:5      | 53 ||| DROPPING scroll of fog.
    54 | D:5      | 54 ||| DROPPING scroll of magic mapping.
    55 | D:5      | 55 ||| DROPPING scroll of fear.
   104 | D:4      | Noticed a phantom
   105 | D:4      | 105 ||| Stepping ~*~*~tactically~*~*~ (stealth).
   113 | D:4      | Slain by a phantom

Levels and vault maps discovered:
D:4:      layout_cave_pools, xom_butterflies, serial_column_ruins,
          column_ruins_corridor_corner, column_ruins_grid_1,
          column_ruins_open_large, dk_vineyard_3, minmay_misc_feat_plants,
          corexii_shack, guppyfry_early_orc_mine, uniq_eustachio
D:5:      layout_basic, gammafunk_ghost_split, nicolae_hexahallways,
          kennysheep_generic_room_9, uniq_duvessa

Skill      XL: |  1 |
---------------+----+-----
Axes           | 2 |  2.0
Fighting       | |  3.2
Dodging        | |  1.5
Stealth        | |  5.4

Action                   || total
-------------------------++-------
Melee: Hand axe          ||    16
Armor: Leather armour    ||     4
Dodge: Dodged            ||    10

Table legend:
 A = Non-vault XP
 B = Vault XP
 C = Vault XP percentage of total XP
 D = Non-vault monster count
 E = Vault monster count
 F = Vault count percentage of total count
                 A         B        C        D         E       F
            +---------+---------+-------+---------+---------+-------
      Total |       4 |       0 |   0.0 |       2 |       0 |   0.0
            +---------+---------+-------+---------+---------+-------
        D:4 |       4 |       0 |   0.0 |       2 |       0 |   0.0
            +---------+---------+-------+---------+---------+-------
